 Dungeon Crawl Stone Soup version 0.27-a0-457-gba82baf56e (webtiles) character file.

Game seed: 3602578059660203475

156 Chiseanne the Skirmisher (level 5, 41/44 HPs)
             Began as a Demonspawn Wanderer on Feb 28, 2021.
             Quit the game on level 3 of the Dungeon.
             The game lasted 00:03:07 (3149 turns).

Chiseanne the Skirmisher (Demonspawn Wanderer)      Turns: 3149, Time: 00:03:08

Health: 41/44      AC:  7    Str: 13    XL:     5   Next: 14%
Magic:  5/5        EV:  7    Int: 12    God:
Gold:   166        SH:  7    Dex: 14    Spells: 4/4 levels left

rFire    . . .     SeeInvis .   a - +2 hand axe
rCold    . . .     Faith    .   l - +0 kite shield
rNeg     . . .     Spirit   .   o - +0 scale mail
rPois    .         Reflect  .   (helmet restricted)
rElec    .         Harm     .   (no cloak)
rCorr    .         Rampage  .   (no gloves)
Will     .....                  j - +0 pair of boots
Stlth    ..........             (no amulet)
HPRegen  0.14/turn              (no ring)
MPRegen  0.09/turn              (no ring)

@: no status effects
A: claws 1, horns 1, powered by pain 1
a: no special abilities


You were on level 3 of the Dungeon.
You visited 1 branch of the dungeon, and saw 3 of its levels.

You collected 166 gold pieces.

Inventory:

Hand Weapons
 a - a +2 hand axe (weapon)
 k - a +1 dagger of speed
Missiles
 e - 8 boomerangs (quivered)
 g - 18 poisoned darts
 i - 27 stones
 n - 5 boomerangs of dispersal
 s - 27 arrows
 t - 18 bolts
 x - 19 sling bullets
Armour
 j - a +0 pair of boots (worn)
 l - a +0 kite shield (worn)
 o - a +0 scale mail (worn)
Jewellery
 h - a +6 ring of intelligence
Wands
 u - a wand of paralysis (10)
 w - a wand of digging (6)
Scrolls
 c - a scroll of fear {unknown}
 d - 7 scrolls of identify {unknown}
 m - a scroll of random uselessness {unknown}
 p - a scroll of fog {unknown}
 r - a scroll of magic mapping {unknown}
 v - 2 scrolls of teleportation {unknown}
Potions
 b - 2 potions of curing
 f - a potion of brilliance {unknown}
 q - 2 potions of berserk rage {unknown}


   Skills:
 * Level 5.0 Fighting
 - Level 2.6 Axes
 * Level 1.8 Armour
 * Level 2.4 Dodging
 * Level 1.4 Shields
 - Level 2.0 Evocations


You had 4 spell levels left.
You didn't know any spells.
Your spell library was empty.

Dungeon Overview and Level Annotations

Branches:
Dungeon (3/15)

Altars:
Xom
The Shining One


Innate Abilities, Weirdness & Mutations

You have sharp fingernails.
You have a pair of small horns on your head.
You sometimes gain a little power by taking damage.


Message History

The goblin hits you but does no damage. x2
You slash the goblin!
You kill the goblin!
d - 7 scrolls labelled ZAMAB RURETAR (gained 2)
Things that are here:
a +0 dagger; a +0 spear; a goblin corpse You feel sick. x2
You are no longer poisoned.
You see here an adder skeleton.
v - 2 scrolls labelled XOMAUT XOUZOT (gained 1)
Things that are here:
a +0 club; a hobgoblin skeleton
Found a whip.
A goblin comes into view. It is wielding a +0 spear.
The goblin shouts!
You hit the goblin.
The goblin is moderately wounded.
The goblin hits you but does no damage. You block the goblin's attack.
You closely miss the goblin.
The goblin is moderately wounded.
The goblin hits you with a +0 spear.
You completely miss the goblin.
The goblin is moderately wounded.
The goblin hits you but does no damage. x2
You hit the goblin.
The goblin is severely wounded.
The goblin hits you with a +0 spear.
You hit the goblin.
You kill the goblin!
No target in view!
No target in view!
No target in view!
No target in view!
No target in view!
No target in view!
No target in view!
No target in view!
No target in view!
No target in view!
Are you sure you want to abandon this character and quit the game? (Confirm with "yes".)

..>...........'...... ...
......###.....######. ..#
......# #.....# #.. ......#
#.....# ..# ##.#### #.....#####
#.. #.#
#.........#.####.########
#.######.........#.#....##.##.#.
#...............................
#############..@........##.##.#.
####).......##.##.#.
#........##.##.#.
#....###.##......
#....###.#####...
###..............
######.#####... #####'#####...
#####........##...


There were no monsters in sight!

Vanquished Creatures
  A hound (D:2)
  3 gnolls (D:3)
  4 adders
  A worm (D:2)
  2 dart slugs (D:1)
  An orc (D:2)
  3 ball pythons
  6 bats
  2 giant cockroaches
  4 goblins
  6 hobgoblins
  7 jackals
  2 frilled lizards
  7 kobolds
  6 rats
55 creatures vanquished.

Notes
Turn   | Place    | Note
-------+----------+-------------------------------------------
     0 | D:1      | Chiseanne the Demonspawn Wanderer began the quest for the
                  | Orb.
     0 | D:1      | Chiseanne set off with the following items: a +2 hand axe,
                  | 2 potions of curing, a +0 robe
     0 | D:1      | Reached XP level 1. HP: 19/19 MP: 1/1
    32 | D:1      | You fall into a shaft and drop 1 floor!
   172 | D:2      | Noticed a hound
   183 | D:2      | Killed a hound
   184 | D:2      | Reached skill level 1 in Dodging
   184 | D:2      | Gained mutation: You have a pair of small horns on your
                  | head. [demonic ancestry]
   184 | D:2      | Reached XP level 2. HP: 11/26 MP: 2/2
   184 | D:2      | Reached XP level 3. HP: 13/31 MP: 3/3
  1509 | D:2      | Gained mutation: You sometimes gain a little power by
                  | taking damage. [demonic ancestry]
  1509 | D:2      | Reached XP level 4. HP: 14/38 MP: 4/4
  1872 | D:2      | Found a glowing golden altar of the Shining One.
  2285 | D:3      | Found a shimmering altar of Xom.
  2288 | D:3      | Found a shimmering altar of Xom.
  2289 | D:3      | Found a shimmering altar of Xom.
  2289 | D:3      | Found a shimmering altar of Xom.
  2289 | D:3      | Found a shimmering altar of Xom.
  2396 | D:3      | Reached skill level 1 in Shields
  2871 | D:3      | Reached skill level 5 in Fighting
  2871 | D:3      | Gained mutation: You have sharp fingernails. [demonic
                  | ancestry]
  2871 | D:3      | Reached XP level 5. HP: 17/44 MP: 5/5
  3149 | D:3      | Quit the game

Illustrated notes

Levels and vault maps discovered:
D:1:      tarquinn_simple_flora_water_d, layout_basic
D:2:      layout_basic, nicolae_tso_carved_into_rock
D:3:      layout_basic, xom_redecorated, lemuel_coloured_pillars_altar,
          minmay_box_of_dots

Skill      XL: |  1  2  3  4 |
---------------+-------------+-----
Dodging        | 1 2 |  2.4
Shields        | 1 |  1.4
Fighting       | 5 |  5.0
Axes           | |  2.6
Armour         | |  1.8
Evocations     | |  2.0

Action                   |  1- 3 |  4- 6 || total
-------------------------+-------+-------++-------
Melee: Hand axe          |    63 |    73 ||   136
       Headbutt          |     9 |     7 ||    16
Throw: Boomerang         |       |    11 ||    11
Evoke: Wand              |       |     1 ||     1
  Use: Potion            |       |     2 ||     2
 Stab: Sleeping          |     1 |       ||     1
Armor: Robe              |     5 |       ||     5
       Scale mail        |    10 |    50 ||    60
       Ring mail         |     7 |       ||     7
       Skin              |       |    12 ||    12
Dodge: Dodged            |    25 |    29 ||    54
Block: Kite shield       |    13 |    56 ||    69

Table legend: (Time is in decaauts)
 A = Elapsed time spent in this place.
 B = Non-inter-level travel time spent in this place.
 C = Inter-level travel time spent in this place.
 D = Time resting spent in this place.
 E = Time spent auto-exploring this place.
 F = Levels seen in this place.
 G = Mean time per level.
                   A        B        C        D        E       F      G
               +--------+--------+--------+--------+--------+-----+--------+
         Total |   3211 |   3128 |     83 |    834 |   1880 |   3 | 1070.3 |
       Dungeon |   3211 |   3128 |     83 |    834 |   1880 |   3 | 1070.3 |
               +--------+--------+--------+--------+--------+-----+--------+

Top non-repeatable levels by time:
     D:2: 1394 daAuts
     D:3: 958 daAuts
     D:1: 858 daAuts
